Cogmind - Beta 11.2 @@@ ROGUE MODE // 2023.02.01 @ 02:06:40 Player: Red Box Result: Destroyed by Y-54 Guardian with Flak Gun Performance ------------- Evolutions (3) 1500 Regions Visited (10) 2000 Robots Destroyed (131) 655 Value Destroyed (3908) 3908 Prototype IDs (43) 860 Alien Tech Used (0) 0 Bonus (383) 383 TOTAL SCORE: 9306 Bonus ------- High Alert Combat Kills 8 Follower Combat Kills 393 Aligned with FarCom 300 Friendly Fire -318 Cogmind --------- Core Integrity 0/700 Matter 225/300 Energy 94/100 System Corruption 0% Temperature Cool (9) Movement Walking (120) Location -7/Lower Caves Parts ------- > --- POWER (1) -------- (None) > --- PROPULSION (2) --- Myomer Leg Advanced Myomer Leg > --- UTILITY (8) ------ Advanced Cooling System High-capacity Storage Unit Advanced Visual Processing Unit Improved Targeting Computer Core Analyzer System Mapper Thief Drone Bay (2/3) > --- WEAPON (2) ------- Improved Grenade Launcher > --- INVENTORY (20) --- Improved Deuterium Engine Neutrino Core Cooled Antimatter Reactor Improved Treads Armored Treads Advanced Myomer Leg Cooled Antigrav System Compact Battery (200) Compact Battery (200) Experimental Energy Well (600) Improved Signal Interpreter Armor Integrity Analyzer Microactuators AS-neutralizer No. 17b Improved EM Pulse Cannon 8R-AWN's Boregun Gauss Cannon Heavy Missile Launcher Field Lobotomy Kit (2) Fire Trap Peak State ------------ > --- POWER ------------ Cooled Ion Engine > --- PROPULSION ------- Myomer Leg Advanced Myomer Leg > --- UTILITY ---------- Advanced Cooling System High-capacity Storage Unit Advanced Visual Processing Unit Improved Targeting Computer Core Analyzer Cloak of Protection System Mapper Thief Drone Bay > --- WEAPON ----------- 8R-AWN's Boregun Field Lobotomy Kit > --- INVENTORY -------- Improved Deuterium Engine Neutrino Core Cooled Antimatter Reactor Improved Treads Armored Treads Advanced Myomer Leg Cooled Antigrav System Compact Battery Compact Battery Experimental Energy Well Improved Signal Interpreter Armor Integrity Analyzer Microactuators AS-neutralizer No. 17b Improved EM Pulse Cannon 8R-AWN's Boregun Gauss Cannon Improved Grenade Launcher Heavy Missile Launcher Fire Trap [Rating: 87] Favorites ----------- Power Cooled Ion Engine Engine Cooled Ion Engine Power Core Reinforced Fission Core Propulsion Compact Wheel Treads Light Treads Leg Aluminum Leg Wheel Compact Wheel Hover Unit Cooled Antigrav System Utility High-capacity Storage Unit Device Improved Heat Sink Storage High-capacity Storage Unit Processor Core Analyzer Hackware System Mapper Protection Medium Armor Plating Weapon Advanced Beam Cannon Energy Gun Medium Laser Energy Cannon Advanced Beam Cannon Ballistic Gun 8R-AWN's Boregun Ballistic Cannon Improved Light Cannon Launcher Improved Grenade Launcher Special Weapon Field Lobotomy Kit Impact Weapon Great Maul Slashing Weapon Great Axe Build | -11 -10 -10 -9 -9 -9 -8 -8 -7 -7 -7 ------- Run | Scr Mat Min Mat Min Exi Min Mat Fac Low Low Slots Evolved 6 | . . . 2 . . . 2 2 . . Power . | . . . . . . . . . . . Propulsion . | . . . . . . . . . . . Utility 6 | . . . 2 . . . 2 2 . . Weapon . | . . . . . . . . . . . Parts Attached 174 | 6 12 5 20 1 17 14 37 44 17 1 Power 12 | 1 1 . . . 2 . 2 5 1 . Engine 8 | 1 1 . . . 2 . 2 1 1 . Core 4 | . . . . . . . . 4 . . Reactor . | . . . . . . . . . . . Propulsion 37 | 2 2 . 4 . 3 4 9 7 6 . Treads 3 | . . . . . . . 2 1 . . Leg 12 | 2 . . . . . . 3 1 6 . Wheel 21 | . 2 . 4 . 3 3 4 5 . . Hover 1 | . . . . . . 1 . . . . Flight . | . . . . . . . . . . . Utility 61 | 1 3 2 5 1 10 5 12 18 4 . Device 28 | . . 2 2 . 4 1 7 9 3 . Storage 6 | 1 2 . . . 1 2 . . . . Processor 8 | . 1 . 1 . 1 . 1 3 1 . Hackware 1 | . . . . . . . 1 . . . Protection 18 | . . . 2 1 4 2 3 6 . . Artifact . | . . . . . . . . . . . Weapon 64 | 2 6 3 11 . 2 5 14 14 6 1 Energy Gun 4 | 1 2 . . . . . 1 . . . Energy Cannon 29 | . 2 2 7 . 1 3 6 6 2 . Ballistic Gun 8 | 1 . . 1 . . . 4 . 2 . Ballistic Cannon 2 | . 2 . . . . . . . . . Launcher 8 | . . 1 1 . . 1 2 2 . 1 Special Weapon 1 | . . . . . . . . . 1 . Impact Weapon 2 | . . . 2 . . . . . . . Slashing Weapon 10 | . . . . . 1 1 1 6 1 . Piercing Weapon . | . . . . . . . . . . . Special Melee Weapon . | . . . . . . . . . . . Unidentified Prototypes 11 | . 1 1 1 . 1 2 4 1 . . Parts Lost 34 | . 1 . 1 . . 4 8 8 10 2 Power 1 | . . . . . . . . . . 1 Propulsion 13 | . 1 . 1 . . 2 4 1 4 . Utility 14 | . . . . . . 1 3 6 4 . Weapon 6 | . . . . . . 1 1 1 2 1 Highest Loss Streak 9 | . 1 . 1 . . 4 2 6 9 2 To Critical Strikes . | . . . . . . . . . . . Average Slot Usage (%) 95 | . 98 99 100 100 93 98 95 97 82 91 Engine 9 | . 14 14 11 11 11 11 9 4 6 6 Leg 2 | . 16 . . . . . . . 13 15 Wheel 16 | . 11 28 22 22 21 20 11 13 . . Device 12 | . . 3 12 11 5 11 19 20 10 15 Storage 10 | . 14 14 11 11 11 11 9 7 7 7 Processor 13 | . 12 10 9 11 11 11 16 15 17 23 Hackware 1 | . . . . . . . . 7 7 7 Protection 7 | . . . 11 11 11 10 7 7 . . Energy Gun 1 | . 17 . . . . . . . . . Energy Cannon 14 | . . 27 20 22 17 21 16 11 . . Ballistic Gun 1 | . 4 . . . . . 1 . 6 7 Slashing Weapon 1 | . . . . . 4 . . 3 . . Naked Turns . | . . . . . . . . . . . Heaviest Build 96 | 14 36 39 47 44 70 69 74 96 95 66 Greatest Support 55 | 20 20 20 32 32 32 26 40 26 55 55 Greatest Overweight (x) 24 | 2 1 1 4 1 3 6 7 24 8 1 Average Overweight (x) 1 | . . 1 1 1 1 2 3 3 1 1 Largest Inventory Capacity 20 | 8 15 15 15 15 20 20 20 20 20 20 Average Capacity 17 | 7 9 15 15 15 18 20 20 20 20 20 Most Carried 20 | 8 15 15 15 15 20 20 20 20 20 20 Average Carried 17 | 4 8 14 14 14 18 19 19 19 18 20 Final Capacity 20 | 8 15 15 15 15 20 20 20 20 20 20 Final Carried 20 | 8 15 15 15 15 20 20 20 20 20 20 Class Distribution -------------------- 59% | Mutant 24% | Hacker-Mutant 11% | Scavenger-Mutant 3% | Commander-Mutant Dominant Class ---------------- Mutant | -10/Materials Commander-Mutant | -10/Mines Mutant | -9/Materials Mutant | -9/Mines Mutant | -9/Exiles Mutant | -8/Mines Scavenger-Mutant | -8/Materials Hacker-Mutant | -7/Factory Hacker-Mutant | -7/Lower Caves Hacker-Mutant | -7/Lower Caves Resources | -11 -10 -10 -9 -9 -9 -8 -8 -7 -7 -7 ----------- Run | Scr Mat Min Mat Min Exi Min Mat Fac Low Low Matter Collected 2258 | 272 191 60 201 20 170 179 421 363 373 8 Remotely . | . . . . . . . . . . . Salvage Created 4772 | 75 444 229 882 128 127 300 1034 904 463 186 Parts 276 | 5 19 11 55 7 1 18 77 50 23 10 Haulers Intercepted 6 | . 1 . 2 . . . 1 2 . . Recyclers Shooed 2 | . . . . . . 1 1 . . . Parts Field Recycled . | . . . . . . . . . . . Retrieved Matter . | . . . . . . . . . . . Parts Self-Destructed 35 | . . . . . . . . . 30 5 Prevented . | . . . . . . . . . . . Kills | -11 -10 -10 -9 -9 -9 -8 -8 -7 -7 -7 ------- Run | Scr Mat Min Mat Min Exi Min Mat Fac Low Low Combat Hostiles Destroyed 104 | . 8 7 18 3 2 7 25 17 9 8 Melee 16 | . . . . . 2 2 3 5 4 . Guns 13 | . 8 . . . . . . . 5 . Cannons 41 | . . 2 13 3 . 3 14 6 . . AOE 31 | . . 4 5 . . 2 7 5 . 8 Classes Destroyed 15 | 2 5 1 1 1 1 1 1 2 . . Worker 2 | . 1 . . . . . 1 . . . Builder 1 | . . . . . . . 1 . . . Tunneler 3 | 1 . . . . . . . 2 . . Hauler 6 | . 1 . 2 . . . 1 2 . . Recycler 2 | 1 . . . . . . 1 . . . Operator 2 | . 1 . . . . . . 1 . . Watcher 12 | . 1 . 4 . . . 5 2 . . Swarmer 39 | . . 3 6 . . 3 14 7 2 4 Grunt 40 | . 8 4 6 2 . 2 5 4 5 4 Brawler 2 | . . . . 1 . . 1 . . . Duelist 3 | . . . . . . . . 1 2 . Sentry 12 | . . . 6 . . . 5 1 . . Hunter 2 | . . . . . . 1 . 1 . . Programmer 3 | . . . . . . . . 3 . . Assembled 1 | . . . . . 1 . . . . . Best Kill Streak 7 | 1 3 3 3 3 2 3 7 4 4 4 Combat Bots Only 7 | . 3 3 3 3 2 3 7 4 4 4 Max Kills in Single Turn 5 | 1 2 3 3 1 1 3 5 4 1 3 Gunslinging . | . . . . . . . . . . . Exploded 3 | . . 3 3 . . 2 3 2 . 3 Melee 1 | . . . . . 1 1 1 1 1 . Uniques/NPCs Destroyed 2 | . . . . . 1 1 . . . . 8R-AWN (-9/Exiles) ME-RLN (-8/Mines) Combat | -11 -10 -10 -9 -9 -9 -8 -8 -7 -7 -7 -------- Run | Scr Mat Min Mat Min Exi Min Mat Fac Low Low Damage Taken 6126 | . 385 52 338 54 385 770 773 1424 1788 157 Core 1114 | . 97 7 65 11 41 108 81 267 414 23 Absorbed by Shields . | . . . . . . . . . . . Regen/Repaired (Parts) 457 | . . . 163 . . . 80 214 . . Core Remaining (%) 71 | 100 . 58 . . . 43 85 . . . Volleys Fired 229 | 4 37 7 47 6 1 22 45 27 28 5 Largest 2 | 2 2 2 2 2 1 2 2 2 2 2 Hottest 143 | 70 115 112 112 136 68 143 143 138 60 66 Shots Fired 423 | 8 73 14 93 12 1 47 88 50 29 8 Gun 112 | 8 71 . . . . . 4 . 26 3 Cannon 292 | . 2 13 92 12 1 45 81 46 . . Launcher 16 | . . 1 1 . . 2 3 4 . 5 Special 3 | . . . . . . . . . 3 . Kinetic 60 | 4 23 . . . . . 4 . 26 3 Thermal 151 | 4 50 . . 12 1 45 39 . . . Explosive 16 | . . 1 1 . . 2 3 4 . 5 Electromagnetic 193 | . . 13 92 . . . 42 46 . . Robot Hit Streak 12 | 5 6 10 12 5 . 7 9 5 6 4 Robot Miss Streak 6 | 1 3 1 5 2 . 5 6 4 3 1 Penetration Max 2 | . . . . . . . . . 2 . Secondary Targets 1 | . 1 . . . . . . . . . Max Gunslinging Chain 1 | . 1 . . . . . . . . . Shots Hit Robots 287 | 6 42 11 59 8 12 28 53 38 24 6 Core Hits 169 | 3 24 8 26 3 6 11 33 34 12 9 Critical Kills 4 | . . . . . . . 1 . 3 . Critical Parts Destroyed 7 | . 1 . . . . . . . 6 . Critical Strikes 26 | . 6 1 1 . 2 . 4 3 9 . Burn 4 | . 4 . . . . . . . . . Meltdown 1 | . . . . . . . 1 . . . Destroy 10 | . 1 . . . . . . . 9 . Blast 1 | . 1 . . . . . . . . . Corrupt 4 | . . 1 1 . . . 2 . . . Sever 6 | . . . . . 2 . 1 3 . . Melee Attacks 82 | . . . 4 . 15 5 8 33 17 . Impact 4 | . . . 4 . . . . . . . Slashing 78 | . . . . . 15 5 8 33 17 . Piercing . | . . . . . . . . . . . Sneak Attacks 2 | . . . . . 1 . . 1 . . Combat Hostiles 1 | . . . . . . . . 1 . . Follow-up Attacks . | . . . . . . . . . . . Damage Inflicted 10067 | 90 713 428 1669 181 490 719 2202 2332 636 607 Guns 1121 | 90 577 . . . . . 40 . 390 24 Cannons 4473 | . 40 238 1365 181 . 475 1313 861 . . Explosions 2962 | . 96 190 304 . . 103 678 1008 . 583 Melee 1511 | . . . . . 490 141 171 463 246 . Ramming . | . . . . . . . . . . . Kinetic 675 | 53 168 . . . . . 40 . 390 24 Thermal 2511 | 37 449 62 136 181 . 475 554 617 . . Explosive 1911 | . . 128 168 . . 103 619 310 . 583 Electromagnetic 3459 | . 96 238 1365 . . . 818 942 . . Impact . | . . . . . . . . . . . Slashing 1511 | . . . . . 490 141 171 463 246 . Piercing . | . . . . . . . . . . . Highest Corruption 4 | . . . . . . 4 . 1 . . Average Corruption 2 | . . . . . . 3 . 1 . . Corruption Purged 1 | . . . . . . . . 1 . . Corruption Blocked . | . . . . . . . . . . . Effects 28 | . . . . . . 23 . 5 . . Message Errors 1 | . . . . . . . . 1 . . Matter Fused 8 | . . . . . . 7 . 1 . . Heat Flow Errors 5 | . . . . . . 4 . 1 . . Energy Discharges 3 | . . . . . . 2 . 1 . . Data Loss (minor) 5 | . . . . . . 4 . 1 . . Data Loss (major) 2 | . . . . . . 2 . . . . Misfires 3 | . . . . . . 3 . . . . Alerts 1 | . . . . . . 1 . . . . Overload Shots . | . . . . . . . . . . . Overflow Damage 335 | . . 7 8 . . . 138 134 . 48 Projectiles 81 | . . . 8 . . . 73 . . . Explosions 253 | . . 7 . . . . 65 133 . 48 Melee 1 | . . . . . . . . 1 . . Knockbacks . | . . . . . . . . . . . Impact . | . . . . . . . . . . . Kinetic . | . . . . . . . . . . . Secondary . | . . . . . . . . . . . Self-Inflicted Damage 539 | . . . . . . . 49 490 . . Shots 10 | . . . . . . . 2 8 . . Rammed . | . . . . . . . . . . . Targets Rammed . | . . . . . . . . . . . Kicked . | . . . . . . . . . . . Crushed . | . . . . . . . . . . . Highest Temperature 442 | 18 442 185 24 138 . 303 301 348 8 . Average Temperature 85 | 8 111 69 5 60 . 113 90 113 8 . Received Heat Transfer 789 | . 210 27 75 30 . 27 162 54 162 42 Effects 2 | . 1 . . . . 1 . . . . Shutdowns 1 | . 1 . . . . . . . . . Energy Bleed 1 | . . . . . . 1 . . . . Siege Activations . | . . . . . . . . . . . Robots Corrupted 5 | . . 1 1 . . . 1 2 . . Combat Hostiles 2 | . . 1 . . . . . 1 . . Parts Fried 20 | . 1 1 4 . . . 5 9 . . Impact Corruptions . | . . . . . . . . . . . Robots Melted 1 | . . . . . . . 1 . . . Combat Hostiles 1 | . . . . . . . 1 . . . Parts Melted 10 | . 3 . 3 . . 1 3 . . . Heat Transferred 4227 | 111 1591 50 200 296 . 552 927 500 . . Parts Sabotaged . | . . . . . . . . . . . Parts Stolen . | . . . . . . . . . . . Parts Stripped . | . . . . . . . . . . . Power Chain Reactions 7 | . . 1 3 . . . 2 1 . . Missiles Intercepted . | . . . . . . . . . . . Alert | -11 -10 -10 -9 -9 -9 -8 -8 -7 -7 -7 ------- Run | Scr Mat Min Mat Min Exi Min Mat Fac Low Low Peak Influence 515 | 10 217 266 515 131 . 88 291 336 . . Initial 100 | . 6 37 25 64 . . . 100 . . Average 131 | 3 65 147 230 47 . 49 135 132 . . Maximum Alert Level 2 | . 1 1 2 . . . 1 1 . . Low Security (%) 74 | 100 94 79 34 100 . 100 68 92 . . Level 1 23 | . 5 20 58 . . . 31 7 . . Level 2 1 | . . . 6 . . . . . . . Level 3 . | . . . . . . . . . . . Level 4 . | . . . . . . . . . . . Level 5 . | . . . . . . . . . . . High Security . | . . . . . . . . . . . Max Security . | . . . . . . . . . . . Squads Dispatched 14 | . 1 . 5 1 . . . 7 . . Investigation 6 | . 1 . 2 1 . . . 2 . . Extermination 3 | . . . . . . . . 3 . . Reinforcement 5 | . . . 3 . . . . 2 . . Assault . | . . . . . . . . . . . Garrison . | . . . . . . . . . . . Intercept . | . . . . . . . . . . . Searches Triggered . | . . . . . . . . . . . Construction Impeded . | . . . . . . . . . . . Haulers Reinforced . | . . . . . . . . . . . Active Scanning Responses . | . . . . . . . . . . . Cargo Convoy Interrupts 1 | . . . . . . . . 1 . . Stealth | -11 -10 -10 -9 -9 -9 -8 -8 -7 -7 -7 --------- Run | Scr Mat Min Mat Min Exi Min Mat Fac Low Low Distress Signals 10 | . 2 . 1 . . . 5 2 . . Communications Jammed . | . . . . . . . . . . . Distress Signals . | . . . . . . . . . . . Times Spotted 170 | . 18 7 32 3 4 10 50 19 18 9 Peak Tracking Total 11 | . 4 3 4 3 8 4 7 4 11 4 Tactical Retreats 12 | . 1 . . . 1 1 2 4 3 . Traps | -11 -10 -10 -9 -9 -9 -8 -8 -7 -7 -7 ------- Run | Scr Mat Min Mat Min Exi Min Mat Fac Low Low Traps Triggered 5 | . 1 . 2 . . . . 2 . . Indirectly 1 | . 1 . . . . . . . . . Trap Hack Attempts . | . . . . . . . . . . . Triggered . | . . . . . . . . . . . Disarmed . | . . . . . . . . . . . Reprogrammed . | . . . . . . . . . . . Reused 3 | . . . . . 3 . . . . . Traps Extracted . | . . . . . . . . . . . Installed 5 | . . . . . 5 . . . . . Triggered 3 | . . . . . . . . 1 2 . Most Traps Carried 5 | . . 5 5 5 5 . . . 1 1 Machines | -11 -10 -10 -9 -9 -9 -8 -8 -7 -7 -7 ---------- Run | Scr Mat Min Mat Min Exi Min Mat Fac Low Low Machines Disabled 23 | . 4 1 2 1 1 . . 14 . . Max in Single Turn 5 | . 4 1 1 . 1 . . 5 . . Garrison Access 2 | . . . . . . . 1 1 . . Machines Sabotaged . | . . . . . . . . . . . Garrisons Compromised 1 | . . . . . . . . 1 . . Overloaded Fab Kills . | . . . . . . . . . . . Hacking | -11 -10 -10 -9 -9 -9 -8 -8 -7 -7 -7 --------- Run | Scr Mat Min Mat Min Exi Min Mat Fac Low Low Machines Accessed 55 | . 9 2 14 1 3 . 16 10 . . Terminals 31 | . 7 . 9 . . . 10 5 . . Fabricators 1 | . . . . . . . . 1 . . Repair Stations 4 | . . . 2 . . . 1 1 . . Recycling Units 7 | . 2 . 2 . . . 2 1 . . Scanalyzers 3 | . . . 1 . . . 2 . . . Garrison Access 3 | . . . . . . . 1 2 . . Total Hacks 207 | . 32 2 45 1 11 . 87 29 . . Successful 145 | . 15 2 30 1 11 . 67 19 . . Failed 62 | . 17 . 15 . . . 20 10 . . Catastrophic 4 | . 2 . 1 . . . . 1 . . Database Lockouts . | . . . . . . . . . . . Manual 90 | . 20 . 20 . 1 . 35 14 . . Terminals 116 | . 26 . 32 . . . 43 15 . . Fabricators 1 | . . . . . . . . 1 . . Repair Stations 15 | . . . 6 . . . 6 3 . . Recycling Units 22 | . 6 . 4 . . . 5 7 . . Scanalyzers 35 | . . . 3 . . . 32 . . . Garrison Access 4 | . . . . . . . 1 3 . . Terminal Hacks 59 | . 9 2 14 1 11 . 14 8 . . Record 10 | . . . . . 10 . . . . . Part Schematic 2 | . . . . . . . . 2 . . Robot Schematic 2 | . . . . . . . 2 . . . Robot Analysis 13 | . 4 . 3 . . . 4 2 . . Prototype ID Bank 4 | . 1 . 3 . . . . . . . Open Door 3 | . . 2 . 1 . . . . . . Branch Access Points 2 | . . . 1 . . . . 1 . . Terminal Index 4 | . 1 . 1 . . . 1 1 . . Alert Level 4 | . . . 1 . . . 3 . . . Unreport Threat 2 | . . . 2 . . . . . . . Locate Traps 7 | . 3 . 1 . . . 1 2 . . Security Status 1 | . . . . . . . 1 . . . Recall Investigation 1 | . . . 1 . . . . . . . Recall Reinforcements 1 | . . . 1 . . . . . . . Hauler Manifests 1 | . . . . . . . 1 . . . Registered Components 1 | . . . . . . . 1 . . . EX-Prototype ID Bank 1 | . . . . . 1 . . . . . Fabricator Hacks 1 | . . . . . . . . 1 . . Network Status 1 | . . . . . . . . 1 . . Repair Station Hacks 13 | . . . 6 . . . 5 2 . . Scan Component 7 | . . . 3 . . . 3 1 . . Repair 6 | . . . 3 . . . 2 1 . . Recycling Unit Hacks 6 | . 1 . 2 . . . 2 1 . . Retrieve Components 6 | . 1 . 2 . . . 2 1 . . Scanalyzer 31 | . . . 2 . . . 29 . . . Insert Component 15 | . . . 1 . . . 14 . . . Analyze 16 | . . . 1 . . . 15 . . . Garrison Access Hacks 2 | . . . . . . . 1 1 . . Seal Access 2 | . . . . . . . 1 1 . . Unauthorized Hacks 33 | . 5 . 6 . . . 16 6 . . Terminals 24 | . 5 . 4 . . . 14 1 . . Track 8 | . . . 1 . . . 7 . . . Assimilate 4 | . 2 . . . . . 2 . . . Botnet 8 | . 1 . 2 . . . 4 1 . . Detonate 1 | . 1 . . . . . . . . . Operators 3 | . 1 . 1 . . . 1 . . . Fabricators . | . . . . . . . . . . . Repair Stations . | . . . . . . . . . . . Recycling Units 9 | . . . 2 . . . 2 5 . . Monitor 1 | . . . . . . . . 1 . . Reject 5 | . . . 2 . . . 2 1 . . Recyclers 1 | . . . . . . . . 1 . . Mask 1 | . . . . . . . . 1 . . Tunnel 1 | . . . . . . . . 1 . . Scanalyzers . | . . . . . . . . . . . Garrison Access . | . . . . . . . . . . . Data Cores Recovered . | . . . . . . . . . . . Used . | . . . . . . . . . . . Hacking Detections 45 | . 9 . 14 . . . 15 7 . . Full Trace Events 3 | . 1 . 1 . . . . 1 . . Feedback Events . | . . . . . . . . . . . Feedback Blocked . | . . . . . . . . . . . Robot Schematics Acquired 2 | . . . . . . . 2 . . . Robots Built . | . . . . . . . . . . . Authchips . | . . . . . . . . . . . Time . | . . . . . . . . . . . Total Robot Build Rating . | . . . . . . . . . . . Part Schematics Acquired 15 | . . . 1 . . . 12 2 . . Parts Built . | . . . . . . . . . . . Authchips . | . . . . . . . . . . . Time . | . . . . . . . . . . . Total Part Build Rating . | . . . . . . . . . . . Parts Repaired 6 | . . . 3 . . . 2 1 . . Time 246 | . . . 90 . . . 137 19 . . Parts Recycled . | . . . . . . . . . . . Recycled Matter . | . . . . . . . . . . . Retrieved Matter . | . . . . . . . . . . . Retrieved Components 46 | . 4 . 12 . . . 20 10 . . Parts Scanalyzed 13 | . . . 1 . . . 12 . . . Part Schematics Acquired 13 | . . . 1 . . . 12 . . . Parts Damaged 2 | . . . . . . . 2 . . . Bothacking | -11 -10 -10 -9 -9 -9 -8 -8 -7 -7 -7 ------------ Run | Scr Mat Min Mat Min Exi Min Mat Fac Low Low Used RIF Installer . | . . . . . . . . . . . Robots Hacked . | . . . . . . . . . . . Non-combat . | . . . . . . . . . . . Combat . | . . . . . . . . . . . Robot Hacks Applied . | . . . . . . . . . . . Relay Couplers Released 3 | . . . . . . . 3 . . . Machine Destruction 3 | . . . . . . . 3 . . . Fabnet Peak Effective % . | . . . . . . . . . . . Robots Rewired 2 | . . . . . . . . . 2 . Allies Hacked . | . . . . . . . . . . . Hacks Repelled . | . . . . . . . . . . . Allies | -11 -10 -10 -9 -9 -9 -8 -8 -7 -7 -7 -------- Run | Scr Mat Min Mat Min Exi Min Mat Fac Low Low Total Allies 11 | . 1 3 . 1 . . 1 . 5 . Largest Group 4 | . 1 4 4 1 . . 1 1 3 . Highest-Rated Group 78 | . 10 50 50 31 . . 10 10 78 . Highest-Rated Ally 49 | . 10 16 16 31 . . 10 10 49 . Total Orders 35 | . . 4 9 . 3 . 14 3 2 . STAY 20 | . . 2 5 . 3 . 7 2 1 . FOLLOW 15 | . . 2 4 . . . 7 1 1 . Ally Attacks 97 | . . . 41 3 16 . . . 37 . Total Damage 1697 | . . . 513 . 107 . . . 1077 . Kills 19 | . . . 12 . . . . . 7 . Allies Corrupted . | . . . . . . . . . . . Allies Melted 1 | . . . . . . . . . 1 . Field Lobotomies 3 | . . . . . . . . . 3 . Intel | -11 -10 -10 -9 -9 -9 -8 -8 -7 -7 -7 ------- Run | Scr Mat Min Mat Min Exi Min Mat Fac Low Low Robot Analysis Total 13 | . 4 . 3 . . . 4 2 . . Derelict Logs Recovered 6 | . . 2 . 2 . . . . 2 . Drone Launches 3 | . . . . . 3 . . . . . Drone Recoveries 2 | . . . . . 2 . . . . . Exploration | -11 -10 -10 -9 -9 -9 -8 -8 -7 -7 -7 ------------- Run | Scr Mat Min Mat Min Exi Min Mat Fac Low Low Turns Passed 15585 | 119 1159 672 2416 1079 2447 935 3056 2135 1381 186 Spaces Moved 10091 | 68 907 641 1726 864 1939 622 1522 1074 637 91 Core 10 | 8 . . . . . . . 2 . . Treads 156 | . . . . . . . 156 . . . Legs 1216 | 60 439 . . . . . 8 . 618 91 Wheels 8709 | . 468 641 1726 864 1939 622 1358 1072 19 . Hover . | . . . . . . . . . . . Flight . | . . . . . . . . . . . Fastest Speed 50 | 50 80 95 105 115 115 120 105 120 120 190 Average Speed 126 | 133 104 95 107 115 120 120 153 139 188 190 Slowest Speed 1250 | 190 120 95 140 115 145 170 260 1250 270 190 Overloaded Moves . | . . . . . . . . . . . Propulsion Burnouts . | . . . . . . . . . . . Robots Hopped . | . . . . . . . . . . . Cave-ins Triggered . | . . . . . . . . . . . Exploration Rate (%) 69 | 5 98 90 95 95 90 96 79 20 78 17 Regions Visited 10 Branch Regions 6 Pre-discovered Areas 2 | . . . . . 1 . . 1 . . Known Exits Taken 3 | . . . 1 . . . 1 1 . . Unknown Exits Taken 7 | 1 1 1 . 1 1 1 . . 1 . Scrap Searched 5 | . . 1 . 1 . 1 . . 2 . Spaces Dug 40 | . . . 4 . . . 7 20 9 . Terrain Destroyed 216 | . . 14 18 . . 15 36 79 16 38 Melee 33 | . . . 4 . . . . 20 9 . Projectile 15 | . . . . . . 4 5 . 6 . AOE 167 | . . 14 14 . . 11 31 59 . 38 Terrain Rammed . | . . . . . . . . . . . Walls Destroyed . | . . . . . . . . . . . Machines Disabled . | . . . . . . . . . . . Actions | -11 -10 -10 -9 -9 -9 -8 -8 -7 -7 -7 --------- Run | Scr Mat Min Mat Min Exi Min Mat Fac Low Low Total 12319 | 85 1054 692 2178 940 2026 751 2143 1600 753 97 Wait 1468 | . 60 25 361 58 14 77 485 378 10 . Move 10081 | 67 906 640 1725 863 1938 621 1521 1073 636 91 Hop . | . . . . . . . . . . . Pick Up 131 | 8 20 7 11 6 18 6 20 24 11 . Fast Attach 48 | 6 5 . 4 . 2 3 16 8 4 . Attach 45 | . 2 2 6 . 3 3 7 11 11 . Detach 5 | . 1 1 . . . . 2 1 . . Swap 81 | . 5 3 10 1 12 8 14 25 2 1 Drop 110 | . 18 7 10 6 18 6 25 20 . . Fire 229 | 4 37 7 47 6 1 22 45 27 28 5 Melee 82 | . . . 4 . 15 5 8 33 17 . Ram . | . . . . . . . . . . . Kick . | . . . . . . . . . . . Crush . | . . . . . . . . . . . Escape Stasis . | . . . . . . . . . . . Rewire 34 | . . . . . . . . . 34 . Trap 5 | . . . . . 5 . . . . . Miscellaneous . | . . . . . . . . . . . Route ------- -11/Scrapyard -10/Materials (discovered 5 exits: *Mat x3 / *Min x2) -10/Mines -9/Materials (discovered 5 exits: *Mat x3 / *Min x2) -9/Mines (discovered 3 exits: *Mat x2 / *Exi) -9/Exiles (discovered 2 exits: [*Min x2]) -8/Mines (discovered 2 exits: *Mat x2) -8/Materials (discovered 3 exits: *Fac x3) -7/Factory (discovered 4 exits: *Fac / *Sto / *Low x2) -7/Lower Caves -7/Lower Caves (discovered 1 exit: *Fac) History --------- Turn | Location | Event 9 | -11/Scrapyard | Discovered new exit (range 15) 120 | -11/Scrapyard | Entered Materials 197 | -10/Materials | Discovered new exit (range 14) 300 | -10/Materials | Build established: Mutant 336 | -10/Materials | Discovered new exit (range 3) 351 | -10/Materials | Discovered new exit (range 16) 657 | -10/Materials | Discovered new exit (range 3) 871 | -10/Materials | Discovered new exit (range 8) 1279 | -10/Materials | Entered Mines 1279 | -10/Mines | Accompanied by 1 ally 1317 | -10/Mines | Learned Materials stockpile data 1342 | -10/Mines | Met a Derelict bent on vengeance 1407 | -10/Mines | Met a Derelict who couldn't figure out how to use a Trap Extractor 1445 | -10/Mines | Assisted by bots powering up and referring to "LRC-V3" 1515 | -10/Mines | Found the Drone Emporium 1521 | -10/Mines | Found Prototype Device 1550 | -10/Mines | Learned Materials stockpile data 1654 | -10/Mines | A weapon hastily lodged in a ceiling crevice suddenly fell to the ground 1700 | -10/Mines | Discovered new exit (range 8) 1723 | -10/Mines | Found a hidden stash of uninstalled traps 1745 | -10/Mines | Build established: Commander-Mutant 1801 | -10/Mines | Identified Thief Drone Bay 1951 | -10/Mines | Entered Materials 1951 | -9/Materials | Accompanied by 4 allies 1951 | -9/Materials | Evolved 2 slots: Utility x2 2271 | -9/Materials | Repaired Lgt. EM Pulse Cannon 2363 | -9/Materials | Build established: Mutant 2469 | -9/Materials | Discovered new exit (range 16) 2906 | -9/Materials | Discovered new exit (range 6) 2991 | -9/Materials | Discovered new exit (range 10) 3172 | -9/Materials | Identified exit to Mines 3388 | -9/Materials | Discovered new exit (range 16) 3480 | -9/Materials | Repaired Med. Armor Plating 3826 | -9/Materials | Repaired Com. Wheel 4367 | -9/Materials | Entered Mines 4367 | -9/Mines | Accompanied by 1 ally 4400 | -9/Mines | Learned Materials stockpile data 4423 | -9/Mines | Met a Derelict shopkeep closing up shop 4438 | -9/Mines | Found Powered Armor 4527 | -9/Mines | Discovered new exit (range 3) 4617 | -9/Mines | Received a Rocket Launcher from a helpful Derelict 4651 | -9/Mines | Received a Mining Laser from a helpful Derelict 4759 | -9/Mines | Learned 2 Materials zone layouts 4830 | -9/Mines | Discovered new exit (range 6) 4909 | -9/Mines | Deemed a non-threat by the Exiles lab entrance 4909 | -9/Mines | Discovered new exit (range 5) 5446 | -9/Mines | Entered Exiles 5475 | -9/Exiles | Met 8R-AWN 5495 | -9/Exiles | Met EX-HEX 5536 | -9/Exiles | Met EX-DEC 5559 | -9/Exiles | Learned location of Zion (-6) 5580 | -9/Exiles | Met EX-BIN 6029 | -9/Exiles | Discovered new exit (range 14) 6154 | -9/Exiles | Aligned with FarCom system 6155 | -9/Exiles | Given EX-Vault access code 6181 | -9/Exiles | Opened EX-Vault 6188 | -9/Exiles | Found Field Lobotomy Kit 6190 | -9/Exiles | Found Cloak of Protection 6227 | -9/Exiles | Warned to stay clear of 0b10 Research branches 6334 | -9/Exiles | Visited The Gauntlet 7406 | -9/Exiles | Attacked by the Exiles 7436 | -9/Exiles | Destroyed 8R-AWN 7459 | -9/Exiles | Found AS-neutralizer No. 17b 7467 | -9/Exiles | Found Prototype Ballistic Gun 7622 | -9/Exiles | Discovered new exit (range 14) 7893 | -9/Exiles | Stole two prototypes: Cloak of Protection, Field Lobotomy Kit 7893 | -9/Exiles | Entered Mines 7928 | -8/Mines | ME-RLN came to Exiles' defense 7980 | -8/Mines | Core integrity fell below 50% 7982 | -8/Mines | Destroyed ME-RLN 7988 | -8/Mines | Found Prototype Hackware 7995 | -8/Mines | Lost 4 parts (2n1u1w) 8177 | -8/Mines | Discovered new exit (range 8) 8272 | -8/Mines | Discovered new exit (range 16) 8828 | -8/Mines | Entered Materials 8828 | -8/Materials | Evolved 2 slots: Utility x2 8829 | -8/Materials | Identified exit to Factory 9139 | -8/Materials | Build established: Scavenger-Mutant 9472 | -8/Materials | Discovered exit to Factory (range 16) 10095 | -8/Materials | Discovered exit to Factory (range 16) 10209 | -8/Materials | Identified 8R-AWN's Boregun 10541 | -8/Materials | Repaired Hrd. Medium Armor Plating 10619 | -8/Materials | Build established: Mutant 10642 | -8/Materials | Repaired Adv. Myomer Leg 11095 | -8/Materials | Destroyed 7 combat bots 11149 | -8/Materials | Identified System Mapper 11425 | -8/Materials | Build established: Scavenger-Mutant 11884 | -8/Materials | Entered Factory 11884 | -7/Factory | Accompanied by 1 ally 11884 | -7/Factory | Evolved 2 slots: Utility x2 11916 | -7/Factory | Identified exit to Storage 11916 | -7/Factory | Identified exit to Lower Caves 11944 | -7/Factory | Build established: Hacker-Mutant 13224 | -7/Factory | Discovered new exit (range 10) 13235 | -7/Factory | Identified exit to Factory 13383 | -7/Factory | Cargo convoy interrupted 13462 | -7/Factory | Repaired Hrd. Medium Armor Plating 13997 | -7/Factory | Lost 6 parts (1n4u1w) 14019 | -7/Factory | Entered Lower Caves 14062 | -7/Lower Caves | Attracted the attention of an 0b10 outpost 14079 | -7/Lower Caves | Core integrity fell below 50% 14115 | -7/Lower Caves | Found 8R-AWN's Boregun 14118 | -7/Lower Caves | Core integrity fell below 20% 14127 | -7/Lower Caves | Assimilated Y-64 Sentinel with FLK Orb 14171 | -7/Lower Caves | Lost 9 parts (4n3u2w) 14470 | -7/Lower Caves | Learned Factory stockpile data 14523 | -7/Lower Caves | Attracted the attention of an 0b10 checkpoint 14524 | -7/Lower Caves | Assimilated Y-54 Guardian with FLK Orb 14815 | -7/Lower Caves | Assimilated G-50 Soldier with FLK Orb 15049 | -7/Lower Caves | Spotted B-75 Beast 15132 | -7/Lower Caves | Learned Factory garrison access intel 15171 | -7/Lower Caves | Encountered a Warlord checkpoint 15187 | -7/Lower Caves | Discovered new exit (range 16) 15400 | -7/Lower Caves | Entered another Lower Caves area 15476 | -7/Lower Caves | Discovered exit to Factory (range 14) 15586 | -7/Lower Caves | Destroyed by Y-54 Guardian with Flak Gun Last Messages --------------- 15413_ The unstable cave ceiling collapses. 15415_ Acquired 1 matter. 15416_ The unstable cave ceiling collapses. 15417_ Autogun fries itself beyond repair. 15418_ Lgt. Nuclear Core fries itself beyond repair. 15419_ Acquired 3 matter. 15476_ EXIT=FOUND: FACTORY 15495_ 47-9DQ(k) breaks down the debris. 15514_ FU-F1Q(k) breaks down the debris. 15544_ 47-9DQ(k) breaks down the debris. 15571_ HV Slug penetrates Wall. 15571_ G-47 Trooper destroyed. 15574_ Cld. Ion Engine destroyed. 15574_ HV Slug penetrates G-47 Trooper. 15576_ Imp. Heat Sink fries itself beyond repair. 15577_ HV Slug penetrates Wall. 15577_ G-47 Trooper destroyed. 15578_ Lgt. Nuclear Core fries itself beyond repair. 15579_ Aluminum Leg fries itself beyond repair. 15586_ 8R-AWN's Boregun destroyed. Map ----- +----------------------------------------------------+ | ?????????????????????????????????????????????????? | | ?????????????????????????????????????????????????? | | ?????????????????????????????????????????????????? | | ?????????????????????????????????????????????????? | | ?????????????????????????????????????????????????? | | ?????????????????????????????????????????????????? | | ?????????????????????????????????????????????????? | | ?????????????????????????????????????????????????? | | ?????????????????????????????????????????????????? | | ?????????????????????????????????????????????????? | | ?????????????????????????????????????????????????? | | ?????????????????????????????????????????????????? | | ?????????????????????????????????????????????????? | | ?????????????????????????????????????????????????? | | ?????????????????????????????????????????????????? | | ?????????????????????????????????????????????????? | | ?????????????????????????????????????????????????? | | ?????????????????????????????????????????????????? | | ?????????????????????????????????????????????????? | | ??????????????????#??###?????###?????????????????? | | ????????????????### ## #???## ##??####?????####?? | | ???????????????## #### #?## ####?# #?? | | ???????????????# % ## ### ## % #?? | | ?????? #### * # #?? | | ?????? % # # #?? | | ?????? % @ ######### #####?? | | ?????????????# #??????## ##????? | | ?????????????# # #?????## ##???? | | ?????????????## ??## ### ##?????# #???? | | ??????????????##??????# ??###??????# #???? | | ??????????????????????# ???########## #???? | | ??????????????????????# ???? #### ####? | | ?????????????????????? ?????? ### ## | | ????????????????????? ???????# ### # | | ????????????????????? ???????## ### # | | ???????????????????? Y ???????# # | | ???????????????????? ??###### < | | ??????????????????# ??# | | ??????????????????# ??# ##### ###### | | ?????????????????? #??# ########?## #????# | | ?????????????????? ## #### #???# "##?## #???? | | ????????????????? #?## ##???"" ##?# #???? | | ??????????????????????# #??##" "## ###? | | ??????????????????????## ####" ## #### ## | | ???????????????????????# ## ######## | | ???????????????????????# ##????# | | ???????????????????????## #### ##???# | | ????????????????????????# #### ### ##### # | | ????????????????????????# ???# ## | | ???????????????????????? ???# ###### | +----------------------------------------------------+ Best States ------------- Heat Dissipation 65 Energy Generation 23 Energy Capacity 880 Matter Stores 300 Matter Capacity 300 Sight Range 20 Robot Scan Range 15 Terrain Scan Range 16 Terrain Scan Density 10 Cloak Strength 5 Armor Coverage 600 Resistance: TH 10 Evasion (%) 55 Targeting Accuracy 8 Target Analysis 5 Core Analysis 6 Recoil Reduction 2 Particle Charging 15 Offensive Hacking 20 Trap Extractor Capacity 6 Item Schematics ----------------- Plasma Flamer | -9/Materials | Scanalyzed Cld. Antimatter Reactor | -8/Materials | Scanalyzed Adv. Myomer Leg | -8/Materials | Scanalyzed Hvy. EM Shotgun | -8/Materials | Scanalyzed Imp. Cloaking Device | -8/Materials | Scanalyzed Cld. Antigrav System | -8/Materials | Scanalyzed Exp. Energy Well | -8/Materials | Scanalyzed Rnf. Fission Core | -8/Materials | Scanalyzed Reflective Plating | -8/Materials | Scanalyzed Imp. EM Pulse Cannon | -8/Materials | Scanalyzed Great Axe | -8/Materials | Scanalyzed Hvy. Particle Gun | -8/Materials | Scanalyzed Rocket Launcher | -8/Materials | Scanalyzed Imp. Hardlight Generator | -7/Factory | Hacked Adv. Sensor Array | -7/Factory | Hacked Robot Schematics ------------------ O-24 Administrator | -8/Materials | Hacked W-16 Scout | -8/Materials | Hacked Fabricated ------------ Nothing Alien Tech Used ----------------- None Achievements -------------- None Challenges ------------ None Game ------ Seed DamperMatterInterpreter Manual? 0 Play Time 02:47:30 Cumulative 386.5 hours Start 2023.01.31 @ 22:21:03 End 2023.02.01 @ 02:06:40 Sessions 1 Manual Loads 0 Difficulty Rogue Special Mode None Game No. 306 Rogue 306 Adventurer 0 Explorer 0 Win Type - Total 0 Types 0/0/0/0/0/0/0/0/0 Lore% 58 Gallery% 64 Achievement% 47 Wizard Run 0 Options --------- ASCII 0 Keyboard 0 Movement Mouse Keybinds 0 Fullscreen 1 Font 16/SmallcapsGlow Map View 75x55 Tactical HUD 1 Map Filters NONE Filters NONE Steam 1 RUN: 1a4a05d1-882f-4200-9c07-b27e000eda3c